[Event "European Amateur-ch U1700 2019"]
[Site "Rhodes"]
[Date "2019.04.06"]
[Round "1.4"]
[White "Diamantis, Georgios D."]
[Black "Pantelic, Slobodan"]
[Result "1-0"]
[ECO "B43"]
[WhiteElo "1632"]
[BlackElo "1646"]
[Annotator "NA RC"]
[PlyCount "171"]
[EventDate "2019.04.06"]
[EventType "swiss"]
[EventCountry "GRE"]
[SourceTitle "playchess.com"]
[Source "ChessBase"]
[SourceQuality "1"]
[TimeControl "40/5400+30:1800+30"]

1. e4 c5 2. Nf3 e6 3. d4 cxd4 4. Nxd4 a6 5. Nc3 b5 6. Be3 Bb7 7. Bd3 Be7 8. Qd2 d6 9. Nce2 Nd7 10. O-O Ngf6 11. f3 Rc8 12. c3 Ne5 13. b3 Nfd7 14. Rac1 Nxd3 15. Qxd3 d5 16. exd5 Bxd5 17. Qd2 O-O 18. Rfd1 Ba3 19. Rb1 Bd6 20. Bf4 Bc5 21. Be3 Qb6 22. b4 Be7 23. Nf5 Qd8 24. Nxe7+ Qxe7 25. Rbc1 Rfe8 26. Nf4 Nf6 27. Nd3 Qb7 28. Nc5 Qc6 29. Nd3 Nd7 30. Re1 Bc4 31. Bd4 Qd5 32. Nf4 Qg5 33. Be3 Qf5 34. Qxd7 Red8 35. Qb7 Rb8 36. Qe4 Qf6 37. a3 e5 38. Ne2 Bd3 39. Qg4 Bf5 40. Qg3 h6 41. Red1 Rd3 42. Qf2 Rbd8 43. Rxd3 Rxd3 44. Ng3 Bg6 45. Qe2 Qd8 46. Kf1 Rd7 47. Ne4 Qh4 48. Nc5 Rd8 49. Kg1 Qf6 50. Rd1 Ra8 51. Nd7 Qe6 52. Nc5 Qc6 53. Bf2 Re8 54. Bg3 f6 55. Qd2 Kh7 56. Qd7 Qa8 57. Qb7 Bc2 58. Rd7 Qxb7 59. Rxb7 Ra8 60. Kf2 Bf5 61. Ke3 a5 62. Rxb5 axb4 63. axb4 Ra3 64. Be1 Ra1 65. Bd2 Rg1 66. Kf2 Rd1 67. Be1 h5 68. Ra5 Rc1 69. Ra2 Bg6 70. Rb2 f5 71. b5 e4 72. b6 e3+ 73. Kxe3 Rxe1+ 74. Kf2 Re8 75. b7 Rb8 76. Nd7 Rxb7 77. Rxb7 f4 78. c4 h4 79. c5 Bf7 80. Ne5 Bd5 81. Rb6 g5 82. c6 Be6 83. c7 Bf5 84. Rb8 h3 85. gxh3 Bxh3 86. Ng4 1-0

[Event "European Amateur-ch U1700 2019"]
[Site "Rhodes"]
[Date "2019.04.06"]
[Round "1.6"]
[White "Papadopoulos, Michail K"]
[Black "Kostov, Kiril"]
[Result "0-1"]
[ECO "B95"]
[WhiteElo "1318"]
[BlackElo "1625"]
[Annotator "NA"]
[PlyCount "62"]
[EventDate "2019.04.06"]
[EventType "swiss"]
[EventCountry "GRE"]
[SourceTitle "playchess.com"]
[Source "ChessBase"]
[SourceQuality "1"]
[TimeControl "40/5400+30:1800+30"]

1. e4 c5 2. Nf3 d6 3. d4 cxd4 4. Nxd4 Nf6 5. Nc3 a6 6. Bg5 e6 7. Bd3 Be7 8. O-O Nbd7 9. Qe2 Qc7 10. Rad1 b5 11. Rfe1 Bb7 12. a4 bxa4 13. Nxa4 Qa5 14. Bxf6 Bxf6 15. e5 Bxe5 16. Be4 d5 17. Nc3 dxe4 18. Nxe4 Qc7 19. Nf3 O-O 20. Rxd7 Bxh2+ 21. Nxh2 Qxd7 22. Qg4 f5 23. Nc5 Qc6 24. Qf3 Qxc5 25. Qxb7 Qd5 26. Qe7 Rfe8 27. Qc7 Rac8 28. Qa7 Rxc2 29. Qxa6 Qd2 30. Rxe6 Qxf2+ 31. Kh1 Qxg2# 0-1

[Event "European Amateur-ch U1700 2019"]
[Site "Rhodes"]
[Date "2019.04.07"]
[Round "2.1"]
[White "Apostolakis, Ioannis"]
[Black "Ruzic, Milos"]
[Result "1/2-1/2"]
[ECO "A40"]
[WhiteElo "1439"]
[BlackElo "1674"]
[Annotator "NA"]
[PlyCount "114"]
[EventDate "2019.04.06"]
[EventType "swiss"]
[EventCountry "GRE"]
[SourceTitle "playchess.com"]
[Source "ChessBase"]
[SourceQuality "1"]
[TimeControl "40/5400+30:1800+30"]

1. d4 b6 2. Nc3 Bb7 3. f3 e6 4. Bf4 d5 5. Nh3 Nf6 6. Nf2 Nh5 7. Bd2 c5 8. e3 Nc6 9. Ne2 Bd6 10. c3 e5 11. e4 Bc7 12. c4 dxe4 13. d5 Nd4 14. fxe4 Nf6 15. Ng3 Qd6 16. Bd3 h6 17. Ng4 Nxg4 18. Qxg4 Qg6 19. Qd1 Bc8 20. O-O Bd7 21. Nf5 Nxf5 22. exf5 Qf6 23. Qe1 Bd6 24. Qe4 a6 25. Bc3 O-O-O 26. Rab1 Qe7 27. Qe1 f6 28. Kh1 Kc7 29. Be4 Rb8 30. Qd2 Rhd8 31. Rfc1 Be8 32. Qd3 Kb7 33. b4 Ka7 34. a3 Rdc8 35. Qe2 Qc7 36. Bd3 Bf7 37. Qa2 e4 38. Bxe4 Bxh2 39. Bf3 Bd6 40. Be1 Qe7 41. Bf2 Qe5 42. Bg1 Qxf5 43. bxc5 bxc5 44. Rxb8 Rxb8 45. Rf1 Qe5 46. Qf2 Rb2 47. Qh4 Qg5 48. Qh3 f5 49. Bh2 Rb6 50. Bxd6 Rxd6 51. Re1 Qf6 52. Bd1 Qg5 53. Qe3 Qxe3 54. Rxe3 Rd7 55. Ba4 Rb7 56. Bc6 Rb1+ 57. Kh2 Kb6 1/2-1/2

[Event "European Amateur-ch U1700 2019"]
[Site "Rhodes"]
[Date "2019.04.07"]
[Round "2.2"]
[White "Snokowski, Marcin"]
[Black "Badrakova, Kseniya"]
[Result "1/2-1/2"]
[ECO "A07"]
[WhiteElo "1659"]
[BlackElo "1435"]
[Annotator "NA"]
[PlyCount "99"]
[EventDate "2019.04.06"]
[EventType "swiss"]
[EventCountry "GRE"]
[SourceTitle "playchess.com"]
[Source "ChessBase"]
[SourceQuality "1"]
[TimeControl "40/5400+30:1800+30"]

1. Nf3 d5 2. g3 Bf5 3. d3 e6 4. Bg2 Nf6 5. c3 Bd6 6. O-O h6 7. a4 Nbd7 8. Na3 a6 9. Nc2 O-O 10. b4 e5 11. Nd2 e4 12. dxe4 Nxe4 13. Nxe4 dxe4 14. Ne3 Bg6 15. Qb3 Re8 16. Bb2 Qe7 17. Rad1 Nf6 18. Bc1 Red8 19. Nc2 Be5 20. Be3 Bf5 21. Nd4 Bxd4 22. Bxd4 Nd5 23. a5 Rab8 24. Bc5 Qe6 25. c4 Nf6 26. f3 b6 27. Rxd8+ Rxd8 28. axb6 cxb6 29. Be3 b5 30. Rc1 Rc8 31. Bc5 Nd7 32. Qe3 Nxc5 33. bxc5 bxc4 34. g4 Bh7 35. Qd4 exf3 36. Bxf3 Qe7 37. Qxc4 Qa7 38. Kg2 Bg6 39. h4 Kf8 40. h5 Bh7 41. Qd5 Qe7 42. Qb7 Qe6 43. c6 a5 44. Qd7 Be4 45. Qxe6 Bxf3+ 46. exf3 fxe6 47. Rc5 Ke7 48. Rxa5 Rxc6 49. Kg3 Kf6 50. Rb5 1/2-1/2

[Event "European Amateur-ch U1700 2019"]
[Site "Rhodes"]
[Date "2019.04.07"]
[Round "2.4"]
[White "Kostov, Kiril"]
[Black "Minko, Uliana"]
[Result "1-0"]
[ECO "C10"]
[WhiteElo "1625"]
[BlackElo "1315"]
[Annotator "NA"]
[PlyCount "73"]
[EventDate "2019.04.06"]
[EventType "swiss"]
[EventCountry "GRE"]
[SourceTitle "playchess.com"]
[Source "ChessBase"]
[SourceQuality "1"]
[TimeControl "40/5400+30:1800+30"]

1. e4 e6 2. Nf3 d5 3. Nc3 dxe4 4. Nxe4 Nd7 5. d4 Ngf6 6. Bd3 a6 7. c3 b6 8. Qa4 b5 9. Nxf6+ Nxf6 10. Bxb5+ Bd7 11. Bxd7+ Nxd7 12. O-O Be7 13. Ne5 Qc8 14. Qc6 Ra7 15. Be3 a5 16. Qxd7+ Qxd7 17. Nxd7 Kxd7 18. Rfd1 Rb7 19. b3 h6 20. d5 e5 21. c4 Kc8 22. c5 Rb5 23. d6 cxd6 24. cxd6 Bf6 25. Rac1+ Kb8 26. Rc7 Rb7 27. Rdc1 Rxc7 28. dxc7+ Kc8 29. a4 Be7 30. Bb6 Bb4 31. Rd1 Be7 32. Bxa5 Kb7 33. Rd5 Bf6 34. Rb5+ Ka7 35. Bb4 e4 36. Bd6 g5 37. Rb8 1-0

[Event "European Amateur-ch U1700 2019"]
[Site "Rhodes"]
[Date "2019.04.07"]
[Round "2.5"]
[White "Karali, Panagiota"]
[Black "Buzescu, Vladimir"]
[Result "1/2-1/2"]
[ECO "B95"]
[WhiteElo "1191"]
[BlackElo "1620"]
[Annotator "NA"]
[PlyCount "73"]
[EventDate "2019.04.06"]
[EventType "swiss"]
[EventCountry "GRE"]
[SourceTitle "playchess.com"]
[Source "ChessBase"]
[SourceQuality "1"]
[TimeControl "40/5400+30:1800+30"]

1. e4 c5 2. Nf3 d6 3. d4 cxd4 4. Nxd4 Nf6 5. Nc3 a6 6. Be2 e6 7. Bg5 Be7 8. O-O O-O 9. Qd2 Nbd7 10. Rad1 Qc7 11. Kh1 Re8 12. f4 b5 13. a3 Bb7 14. Bf3 Rac8 15. Bxf6 Nxf6 16. f5 e5 17. Nb3 Red8 18. Nd5 Nxd5 19. exd5 Qxc2 20. Na5 Ba8 21. Nc6 Qxd2 22. Rxd2 Re8 23. Rc2 Kf8 24. b4 Bg5 25. Rd1 g6 26. Be4 Kg7 27. Rd3 Rc7 28. Rdc3 gxf5 29. Bxf5 e4 30. Re2 e3 31. g3 h5 32. Kg2 Kf6 33. Bh3 Bb7 34. Kf3 Bc8 35. Bxc8 Rcxc8 36. Rec2 Rc7 37. Re2 {[%emt 0:01:51] Ke5 [%emt 00:00:29] Ke4+ [%emt 00:00:01]} 1/2-1/2

[Event "European Amateur-ch U1700 2019"]
[Site "Rhodes"]
[Date "2019.04.07"]
[Round "2.6"]
[White "Cebo, Vladimir"]
[Black "Rammos, Ilias"]
[Result "1-0"]
[ECO "E61"]
[WhiteElo "1602"]
[BlackElo "1040"]
[Annotator "NA"]
[PlyCount "81"]
[EventDate "2019.04.06"]
[EventType "swiss"]
[EventCountry "GRE"]
[SourceTitle "playchess.com"]
[Source "ChessBase"]
[SourceQuality "1"]
[TimeControl "40/5400+30:1800+30"]

1. c4 c5 2. e3 Nf6 3. Nf3 g6 4. Nc3 Bg7 5. Be2 O-O 6. O-O d6 7. d4 cxd4 8. exd4 Qc7 9. h3 a6 10. Be3 Rd8 11. d5 Bf5 12. Na4 Nbd7 13. Nd4 Nc5 14. Nxf5 gxf5 15. Rb1 Re8 16. Nxc5 dxc5 17. Bd3 f4 18. Bd2 Kh8 19. Qf3 Bh6 20. Rfe1 Rg8 21. Bc3 Rg7 22. Be5 Qd7 23. Kh2 Rag8 24. Rg1 b6 25. a3 b5 26. b3 Qc8 27. cxb5 axb5 28. Rbe1 Qd7 29. a4 bxa4 30. bxa4 Qxa4 31. d6 Qd7 32. dxe7 Qxe7 33. Bc3 Qd6 34. Rd1 Qb6 35. Rb1 Qd6 36. Bc4 Qe7 37. Rb6 Bg5 38. Kh1 h5 39. Bd3 Bh4 40. Bxf6 Bxf6 41. Qxh5+ 1-0

[Event "European Amateur-ch U1700 2019"]
[Site "Rhodes"]
[Date "2019.04.08"]
[Round "3.1"]
[White "Kanev, Evgeny"]
[Black "Taddia, Davide"]
[Result "1/2-1/2"]
[ECO "A40"]
[WhiteElo "1629"]
[BlackElo "1519"]
[Annotator "NA"]
[PlyCount "109"]
[EventDate "2019.04.06"]
[EventType "swiss"]
[EventCountry "GRE"]
[SourceTitle "playchess.com"]
[Source "ChessBase"]
[SourceQuality "1"]
[TimeControl "40/5400+30:1800+30"]

1. d4 e6 2. c4 b6 3. Nf3 Bb7 4. g3 Bb4+ 5. Bd2 Bxd2+ 6. Nbxd2 f5 7. Bg2 Nf6 8. O-O O-O 9. b4 Qe7 10. Qb3 a5 11. a3 d6 12. b5 Nbd7 13. Rfe1 Ne4 14. Rad1 Ndf6 15. Nxe4 Bxe4 16. Nd2 Bxg2 17. Kxg2 Qf7 18. f3 e5 19. d5 Qg6 20. e4 f4 21. Kh1 Nh5 22. g4 Nf6 23. Rg1 Kf7 24. Rg2 Rh8 25. Rdg1 Rag8 26. c5 Rc8 27. Nc4 Nd7 28. cxb6 cxb6 29. Rc1 Rc5 30. Rgc2 Rhc8 31. Qd3 Ke7 32. Qe2 Qf6 33. Qg2 g5 34. a4 Kd8 35. Qd2 Kc7 36. Nb2 Kb7 37. Nc4 Ra8 38. Nb2 Rxc2 39. Qxc2 Nc5 40. Nd3 Rc8 41. Nxc5+ dxc5 42. Qc4 Qd6 43. Qf1 Qh6 44. Kg2 Rd8 45. Qf2 Rd6 46. Kf1 Qh3+ 47. Qg2 Qh4 48. Rd1 h5 49. h3 Kc7 50. Ke2 hxg4 51. fxg4 Rf6 52. Rd3 Kd6 53. Kf3 Rh6 54. Ke2 Rh8 55. Rf3 1/2-1/2

[Event "European Amateur-ch U1700 2019"]
[Site "Rhodes"]
[Date "2019.04.08"]
[Round "3.2"]
[White "Kostov, Kiril"]
[Black "De Luca, Andrew"]
[Result "1-0"]
[ECO "B22"]
[WhiteElo "1625"]
[BlackElo "1483"]
[Annotator "NA"]
[PlyCount "121"]
[EventDate "2019.04.06"]
[EventType "swiss"]
[EventCountry "GRE"]
[SourceTitle "playchess.com"]
[Source "ChessBase"]
[SourceQuality "1"]
[TimeControl "40/5400+30:1800+30"]

1. e4 c5 2. c3 d6 3. d4 Nd7 4. Nf3 Rb8 5. Be3 Qc7 6. Bd3 c4 7. Bc2 b5 8. Nbd2 g6 9. O-O Bg7 10. Qe2 Bb7 11. a4 a6 12. axb5 axb5 13. d5 Ngf6 14. Nd4 Nc5 15. Nxb5 Qd7 16. Bxc5 dxc5 17. Nxc4 Bxd5 18. exd5 O-O 19. Nca3 Qxd5 20. Qxe7 c4 21. Rfd1 Qb7 22. Qxb7 Rxb7 23. Rd4 Rfb8 24. Rxc4 h5 25. Ba4 Nd5 26. Rc5 Nb6 27. Bc2 Nd7 28. Rd5 f5 29. Rad1 Nf8 30. b3 Kh7 31. c4 Ne6 32. Rd7 Rb6 33. R7d6 Nf4 34. Rxb6 Rxb6 35. Rd6 Rb8 36. Kf1 Ra8 37. Rd7 Kh6 38. Ra7 Rd8 39. g3 Nh3 40. Nb1 Bf8 41. Kg2 Ng5 42. Ra6 Kg7 43. f4 Ne4 44. Bxe4 fxe4 45. Re6 Rd1 46. N5c3 Rd4 47. Rxe4 Rd3 48. Kf2 Bb4 49. Ke2 Rd8 50. Nd5 Bd6 51. Nbc3 Rb8 52. Nb5 Bc5 53. Ndc7 Bg1 54. h3 Kh6 55. b4 Rd8 56. Re8 Rd7 57. c5 Bh2 58. c6 Rf7 59. Ne6 Bxg3 60. Rh8+ Rh7 61. Rxh7+ 1-0

[Event "European Amateur-ch U1700 2019"]
[Site "Rhodes"]
[Date "2019.04.08"]
[Round "3.3"]
[White "Cebo, Vladimir"]
[Black "Grishina, Zhanna"]
[Result "1/2-1/2"]
[ECO "D40"]
[WhiteElo "1602"]
[BlackElo "1482"]
[Annotator "NA"]
[PlyCount "85"]
[EventDate "2019.04.06"]
[EventType "swiss"]
[EventCountry "GRE"]
[SourceTitle "playchess.com"]
[Source "ChessBase"]
[SourceQuality "1"]
[TimeControl "40/5400+30:1800+30"]

1. c4 e6 2. Nc3 c5 3. e3 d5 4. d4 Nc6 5. Nf3 Nf6 6. Be2 dxc4 7. Bxc4 cxd4 8. Nxd4 Nxd4 9. exd4 Be7 10. O-O O-O 11. Bf4 a6 12. d5 b5 13. d6 bxc4 14. dxe7 Qxe7 15. Bd6 Qe8 16. Bxf8 Qxf8 17. Qe2 Qc5 18. Ne4 Qe5 19. Nxf6+ Qxf6 20. Qf3 Qxf3 21. gxf3 Bb7 22. Kg2 Rb8 23. Rfe1 Bd5 24. Rab1 g5 25. Kg3 h5 26. h4 gxh4+ 27. Kxh4 Bxf3 28. Re3 Bg4 29. b3 Kh7 30. Rc1 cxb3 31. Rxb3 Rxb3 32. axb3 Kh6 33. Rc7 Kg6 34. b4 Be2 35. Rc5 f5 36. Re5 Bc4 37. Re1 Kh6 38. Rc1 Bd5 39. Rc8 Kg6 40. f4 Bf3 41. Rd8 Kf6 42. Rd6 Be2 43. Rb6 1/2-1/2

[Event "European Amateur-ch U1700 2019"]
[Site "Rhodes"]
[Date "2019.04.08"]
[Round "3.4"]
[White "Meremyanina, Kseniya"]
[Black "Pereverzev, Timofei"]
[Result "0-1"]
[ECO "B23"]
[WhiteElo "1577"]
[BlackElo "1463"]
[Annotator "NA"]
[PlyCount "116"]
[EventDate "2019.04.06"]
[EventType "swiss"]
[EventCountry "GRE"]
[SourceTitle "playchess.com"]
[Source "ChessBase"]
[SourceQuality "1"]
[TimeControl "40/5400+30:1800+30"]

1. e4 c5 2. Nc3 e6 3. Nge2 a6 4. g3 b5 5. Bg2 Bb7 6. O-O Nf6 7. d3 d6 8. f4 Be7 9. h3 h5 10. Qe1 Nc6 11. a4 b4 12. Nd1 d5 13. e5 Nd7 14. c3 a5 15. d4 bxc3 16. bxc3 cxd4 17. cxd4 Nb6 18. Ne3 g6 19. Ba3 Ba6 20. Bxe7 Qxe7 21. Rf2 Nb4 22. Nc1 Rc8 23. Bf1 Nc4 24. Nxc4 Bxc4 25. Qd1 O-O 26. g4 Bxf1 27. Qxf1 Qh4 28. gxh5 Qxh5 29. Ra3 Nc2 30. Rd3 Rc4 31. Nb3 Rfc8 32. Nxa5 Rc3 33. Rff3 Nxd4 34. Rxc3 Rxc3 35. Rxc3 Ne2+ 36. Kg2 Nxc3 37. Nc6 Nxa4 38. Nd4 Kg7 39. Qa1 Nc5 40. Qa7 Ne4 41. Nxe6+ Kh6 42. Nd4 Qd1 43. Qa3 Qd2+ 44. Kh1 Qe1+ 45. Kh2 Qf2+ 46. Kh1 Ng3+ 47. Qxg3 Qxg3 48. f5 Qxh3+ 49. Kg1 Qe3+ 50. Kg2 Qxd4 51. fxg6 Kxg6 52. Kf1 Qe3 53. Kg2 d4 54. e6 d3 55. exf7 Kxf7 56. Kh2 d2 57. Kg2 d1=Q 58. Kh2 Qdg1# 0-1

[Event "European Amateur-ch U1700 2019"]
[Site "Rhodes"]
[Date "2019.04.08"]
[Round "3.5"]
[White "Ruzic, Milos"]
[Black "Bakhmanov, Farid"]
[Result "1-0"]
[ECO "B01"]
[WhiteElo "1674"]
[BlackElo "1491"]
[Annotator "NA"]
[PlyCount "117"]
[EventDate "2019.04.06"]
[EventType "swiss"]
[EventCountry "GRE"]
[SourceTitle "playchess.com"]
[Source "ChessBase"]
[SourceQuality "1"]
[TimeControl "40/5400+30:1800+30"]

1. e4 d5 2. e5 c5 3. h3 Bf5 4. c3 e6 5. a3 Nc6 6. Bb5 a6 7. Bxc6+ bxc6 8. d4 cxd4 9. cxd4 c5 10. Ne2 Qa5+ 11. Nbc3 Ne7 12. dxc5 Qxc5 13. Be3 Qc7 14. Qa4+ Qc6 15. Nd4 Qxa4 16. Nxa4 Rc8 17. Kd2 f6 18. exf6 gxf6 19. g4 e5 20. Nxf5 Nxf5 21. gxf5 d4 22. Bxd4 exd4 23. Rae1+ Kf7 24. Rhg1 Bh6+ 25. Kd3 Rhd8 26. Re6 a5 27. Ra6 Ra8 28. Rxa8 Rxa8 29. Rg4 Rd8 30. Rxd4 Rxd4+ 31. Kxd4 Ke7 32. Kd5 Bd2 33. Nc5 Be1 34. Nd3 Bd2 35. b4 axb4 36. axb4 h5 37. Kc6 h4 38. b5 Ba5 39. Nf4 Be1 40. Nd5+ Kf7 41. f4 Ke8 42. b6 Bf2 43. Nxf6+ Kf7 44. Nd5 Bd4 45. b7 Ba7 46. Kc7 Ke8 47. f6 Kf7 48. f5 Bd4 49. b8=Q Be5+ 50. Kc8 Bxb8 51. Kxb8 Kf8 52. Kc7 Ke8 53. Kd6 Kf7 54. Ke5 Ke8 55. Ke6 Kf8 56. f7 Kg7 57. Ke7 Kh7 58. Nf6+ Kg7 59. f8=Q# 1-0

[Event "European Amateur-ch U1700 2019"]
[Site "Rhodes"]
[Date "2019.04.08"]
[Round "3.6"]
[White "Papadopoulos, Panteleimon"]
[Black "Snokowski, Marcin"]
[Result "1/2-1/2"]
[ECO "B27"]
[WhiteElo "1384"]
[BlackElo "1659"]
[Annotator "NA"]
[PlyCount "122"]
[EventDate "2019.04.06"]
[EventType "swiss"]
[EventCountry "GRE"]
[SourceTitle "playchess.com"]
[Source "ChessBase"]
[SourceQuality "1"]
[TimeControl "40/5400+30:1800+30"]

1. e4 g6 2. d4 Bg7 3. Nf3 c5 4. Be3 Qb6 5. b3 d6 6. c3 Nc6 7. h3 e5 8. d5 Nce7 9. Nbd2 Qc7 10. Bb5+ Bd7 11. Qe2 Nf6 12. Bxd7+ Nxd7 13. g4 Qa5 14. Qd3 h6 15. Nc4 Qc7 16. Nfd2 b5 17. Nb2 Rb8 18. c4 b4 19. Rb1 Qa5 20. Na4 Nb6 21. Nxb6 axb6 22. Qc2 Ra8 23. Ra1 Qa7 24. Ke2 O-O 25. h4 Qd7 26. Rag1 Ra7 27. Rg2 Rfa8 28. Ra1 Ra6 29. Rgg1 Qa7 30. Rgb1 Kh8 31. g5 h5 32. f3 Qd7 33. Rh1 R8a7 34. Kf2 Qd8 35. Rhb1 Ng8 36. Nf1 f5 37. Kg2 fxe4 38. Qxe4 Rxa2+ 39. Rxa2 Rxa2+ 40. Bf2 Ne7 41. Ng3 Qd7 42. Qd3 Nf5 43. Qe4 Qf7 44. Nf1 Nd4 45. Ng3 Qf4 46. Qd3 Nf5 47. Nxf5 gxf5 48. Kg1 e4 49. Qe3 Qe5 50. fxe4 fxe4 51. Bg3 Qd4 52. Qxd4 Bxd4+ 53. Kf1 e3 54. Re1 Ra7 55. g6 Rd7 56. Bf4 Re7 57. Ke2 Be5 58. Bh6 Bg7 59. Bf4 Be5 60. Bh6 Bg7 61. Bf4 Be5 1/2-1/2

[Event "European Amateur-ch U1700 2019"]
[Site "Rhodes"]
[Date "2019.04.08"]
[Round "3.7"]
[White "Buzescu, Vladimir"]
[Black "Apostolakis, Ioannis"]
[Result "1/2-1/2"]
[ECO "C65"]
[WhiteElo "1620"]
[BlackElo "1439"]
[Annotator "NA"]
[PlyCount "36"]
[EventDate "2019.04.06"]
[EventType "swiss"]
[EventCountry "GRE"]
[SourceTitle "playchess.com"]
[Source "ChessBase"]
[SourceQuality "1"]
[TimeControl "40/5400+30:1800+30"]

1. e4 e5 2. Nf3 Nf6 3. Nc3 Nc6 4. Bb5 d6 5. h3 Bd7 6. d3 Be7 7. O-O O-O 8. Bg5 a6 9. Bxc6 Bxc6 10. Re1 Nd7 11. Be3 f5 12. exf5 Rxf5 13. Ne4 h6 14. Nh2 Nf8 15. Qg4 Bd7 16. Qg3 Bh4 17. Qg4 Rg5 18. Qf3 Rf5 1/2-1/2

[Event "European Amateur-ch U1700 2019"]
[Site "Rhodes"]
[Date "2019.04.08"]
[Round "3.8"]
[White "Badrakova, Kseniya"]
[Black "Karali, Panagiota"]
[Result "1-0"]
[ECO "C29"]
[WhiteElo "1435"]
[BlackElo "1191"]
[Annotator "NA"]
[PlyCount "27"]
[EventDate "2019.04.06"]
[EventType "swiss"]
[EventCountry "GRE"]
[SourceTitle "playchess.com"]
[Source "ChessBase"]
[SourceQuality "1"]
[TimeControl "40/5400+30:1800+30"]

1. e4 e5 2. Nc3 Nf6 3. f4 exf4 4. e5 Qe7 5. Qe2 Ng8 6. Nf3 Nc6 7. Nd5 Qd8 8. d4 g5 9. Nf6+ Ke7 10. d5 Nb4 11. a3 Na6 12. Nxg5 Nxf6 13. d6+ cxd6 14. exd6+ 1-0

[Event "European Amateur-ch U1700 2019"]
[Site "Rhodes"]
[Date "2019.04.08"]
[Round "3.9"]
[White "Stathatos, Alexandros"]
[Black "Pantelic, Slobodan"]
[Result "1-0"]
[ECO "B06"]
[WhiteElo "1184"]
[BlackElo "1646"]
[Annotator "NA"]
[PlyCount "98"]
[EventDate "2019.04.06"]
[EventType "swiss"]
[EventCountry "GRE"]
[SourceTitle "playchess.com"]
[Source "ChessBase"]
[SourceQuality "1"]
[TimeControl "40/5400+30:1800+30"]

1. e4 g6 2. d4 Bg7 3. Nf3 d6 4. h3 c5 5. Be3 cxd4 6. Bxd4 Nf6 7. Bd3 O-O 8. O-O Nc6 9. Bc3 Qc7 10. Nbd2 a6 11. a3 b5 12. Re1 Ne5 13. Nxe5 dxe5 14. Nf3 Nh5 15. Qd2 Bb7 16. Rad1 Nf4 17. Bf1 Rfd8 18. Qe3 Rxd1 19. Rxd1 Rd8 20. Rxd8+ Qxd8 21. Bxe5 Ne6 22. Bxg7 Kxg7 23. Bd3 Qc7 24. Kf1 f6 25. Nd4 Nf4 26. Qxf4 e5 27. Ne6+ Kf7 28. Qxf6+ Kxf6 29. Nxc7 Bc8 30. c4 bxc4 31. Bxc4 a5 32. Nd5+ Kg5 33. b4 axb4 34. axb4 Bb7 35. b5 h5 36. b6 h4 37. f3 Kh5 38. Nc7 g5 39. Ba6 Bc6 40. b7 Bxb7 41. Bxb7 g4 42. fxg4+ Kg5 43. Ne6+ Kf6 44. Bd5 Kg6 45. g5 Kh5 46. Kf2 Kg6 47. Kf3 Kh5 48. Bc6 Kg6 49. Bd7 Kf7 1-0

[Event "European Amateur-ch U1700 2019"]
[Site "Rhodes"]
[Date "2019.04.09"]
[Round "4.1"]
[White "Pereverzev, Timofei"]
[Black "Kostov, Kiril"]
[Result "1-0"]
[ECO "B85"]
[WhiteElo "1463"]
[BlackElo "1625"]
[Annotator "NA"]
[PlyCount "53"]
[EventDate "2019.04.06"]
[EventType "swiss"]
[EventCountry "GRE"]
[SourceTitle "playchess.com"]
[Source "ChessBase"]
[SourceQuality "1"]
[TimeControl "40/5400+30:1800+30"]

1. e4 c5 2. Nf3 d6 3. d4 cxd4 4. Nxd4 Nf6 5. Nc3 a6 6. Be2 e6 7. O-O Be7 8. f4 Nbd7 9. Be3 O-O 10. Kh1 Qc7 11. g4 Nb6 12. g5 Nfd7 13. Rf3 Rd8 14. Rh3 Nf8 15. f5 Nc4 16. Bxc4 Qxc4 17. Qh5 b5 18. Rg1 g6 19. Qh6 exf5 20. Nd5 Bb7 21. Nf6+ Bxf6 22. gxf6 Bxe4+ 23. Nf3 Bxf3+ 24. Rxf3 Ne6 25. Rh3 Qd5+ 26. Rg2 Qd1+ 27. Bg1 1-0

[Event "European Amateur-ch U1700 2019"]
[Site "Rhodes"]
[Date "2019.04.09"]
[Round "4.2"]
[White "Grishina, Zhanna"]
[Black "Ruzic, Milos"]
[Result "0-1"]
[ECO "B07"]
[WhiteElo "1482"]
[BlackElo "1674"]
[Annotator "NA"]
[PlyCount "94"]
[EventDate "2019.04.06"]
[EventType "swiss"]
[EventCountry "GRE"]
[SourceTitle "playchess.com"]
[Source "ChessBase"]
[SourceQuality "1"]
[TimeControl "40/5400+30:1800+30"]

1. d4 d6 2. e4 Nf6 3. Bd3 g6 4. Nf3 Bg7 5. h3 c6 6. Be3 Qc7 7. Qd2 e5 8. Bh6 O-O 9. g4 Re8 10. Bxg7 Kxg7 11. dxe5 dxe5 12. Nc3 Nbd7 13. O-O-O Nc5 14. Rdg1 b5 15. a3 a5 16. Qe3 Nxd3+ 17. Qxd3 Ba6 18. Qe3 b4 19. axb4 axb4 20. Nb1 c5 21. h4 Bb7 22. h5 Nxe4 23. hxg6 fxg6 24. Qh6+ Kg8 25. Nh4 Qg7 26. Qe3 Qf8 27. f3 Nf6 28. Rh3 Nd5 29. Qe1 Qf4+ 30. Qd2 Red8 31. Qxf4 Nxf4 32. Rh2 g5 33. Nf5 Bxf3 34. b3 Ne2+ 35. Rxe2 Bxe2 36. Ne7+ Kg7 37. Nf5+ Kf6 38. Rg2 Bxg4 39. Ne3 Bf3 40. Rf2 e4 41. Nd2 Rxd2 42. Kxd2 Rd8+ 43. Kc1 h5 44. Ng2 Ke5 45. Ne3 Kf4 46. Nf1 Rd1+ 47. Kb2 e3 0-1

[Event "European Amateur-ch U1700 2019"]
[Site "Rhodes"]
[Date "2019.04.09"]
[Round "4.3"]
[White "Badrakova, Kseniya"]
[Black "Kanev, Evgeny"]
[Result "1/2-1/2"]
[ECO "B08"]
[WhiteElo "1435"]
[BlackElo "1629"]
[Annotator "NA"]
[PlyCount "58"]
[EventDate "2019.04.06"]
[EventType "swiss"]
[EventCountry "GRE"]
[SourceTitle "playchess.com"]
[Source "ChessBase"]
[SourceQuality "1"]
[TimeControl "40/5400+30:1800+30"]

1. e4 d6 2. d4 Nf6 3. Nc3 g6 4. Nf3 Bg7 5. Be2 O-O 6. O-O Nc6 7. h3 Nd7 8. Be3 e5 9. d5 Ne7 10. Nh2 f5 11. Rb1 f4 12. Bc1 g5 13. Bg4 Nf6 14. Bxc8 Qxc8 15. Nf3 h6 16. Kh2 Ng6 17. g4 Nxg4+ 18. hxg4 Qxg4 19. Rh1 Nh4 20. Nxh4 f3 21. Qf1 Qxh4+ 22. Kg1 Qg4+ 23. Kh2 Rf4 24. Bxf4 Qxf4+ 25. Kg1 Qg4+ 26. Kh2 Qh4+ 27. Kg1 Qg4+ 28. Kh2 Qf4+ 29. Kg1 Rf8 1/2-1/2

[Event "European Amateur-ch U1700 2019"]
[Site "Rhodes"]
[Date "2019.04.09"]
[Round "4.4"]
[White "Taddia, Davide"]
[Black "Stathatos, Alexandros"]
[Result "0-1"]
[ECO "A09"]
[WhiteElo "1519"]
[BlackElo "1184"]
[Annotator "NA"]
[PlyCount "132"]
[EventDate "2019.04.06"]
[EventType "swiss"]
[EventCountry "GRE"]
[SourceTitle "playchess.com"]
[Source "ChessBase"]
[SourceQuality "1"]
[TimeControl "40/5400+30:1800+30"]

1. Nf3 d5 2. c4 c5 3. cxd5 Qxd5 4. Nc3 Qd8 5. g3 Nc6 6. Bg2 e6 7. O-O Nf6 8. b3 Be7 9. Bb2 O-O 10. Qc1 Qc7 11. Nb5 Qb6 12. Na3 Nd7 13. Nc4 Qc7 14. d4 cxd4 15. Nxd4 Nxd4 16. Bxd4 Bf6 17. Rd1 Rd8 18. Bxf6 Nxf6 19. Nd6 Qb6 20. Qa3 a5 21. Rac1 h6 22. Nxc8 Raxc8 23. Rxc8 Rxc8 24. Qe7 Rc7 25. Qd8+ Kh7 26. Bf3 Qc5 27. Qd3+ Kg8 28. Qd8+ Kh7 29. Qd3+ Kg8 30. h4 Rd7 31. Qb1 Qf5 32. Qc1 Rxd1+ 33. Qxd1 Qb5 34. Qd8+ Kh7 35. Qe7 Qe5 36. Qxb7 Qa1+ 37. Kg2 Qxa2 38. Qb5 Kg8 39. g4 Qd2 40. Qb8+ Kh7 41. Qb5 Kg8 42. Qc4 Kh7 43. e3 Nd5 44. Be4+ g6 45. Bxd5 Qxd5+ 46. Qxd5 exd5 47. Kf3 Kg7 48. Kf4 Kf6 49. g5+ hxg5+ 50. hxg5+ Ke6 51. Kg4 Kd6 52. f3 Kc5 53. Kf4 d4 54. exd4+ Kxd4 55. Kg4 Kc3 56. f4 Kxb3 57. f5 a4 58. fxg6 fxg6 59. Kf4 a3 60. Ke5 a2 61. Kf6 a1=Q+ 62. Kxg6 Qh8 63. Kf7 Qh7+ 64. Kf6 Kc4 65. g6 Qg8 66. g7 Kd5 0-1